 Dungeon Crawl Stone Soup version 0.31-a0-543-geaa9c7a2c0 (webtiles) character file.

Game seed: 66946674653608982

3207 AdnanSaban the Basher (level 9, -2/56 HPs)
             Began as a Gargoyle Fighter on Aug 15, 2023.
             Was an Elder of Okawaru.
             Slain by a two-headed ogre
             ... wielding a +0 giant club
              (18 damage)
             ... on level 8 of the Dungeon.
             The game lasted 00:06:36 (5915 turns).

AdnanSaban the Basher (Gargoyle Fighter)            Turns: 5915, Time: 00:06:37

Health: -2/56      AC: 18    Str: 23    XL:     9   Next: 97%
Magic:  9/9        EV:  9    Int: 10    God:    Okawaru [****..]
Gold:   464        SH:  5    Dex:  9    Spells: 8/8 levels left

rFire   + . .        t - +5 flail (drain)
rCold   . . .        c - +0 buckler
rNeg    + . .        D - +0 chain mail
rPois   ∞            a - +1 hat
rElec   +            (no cloak)
rCorr   .            (no gloves)
SInv    .            (no boots)
Will    .....        r - amulet of regeneration Stlth
                     y - ring of protection from fire
HPRegen 1.09/turn    (no ring)
MPRegen 0.11/turn

%: no passive effects
@: no status effects
A: sickness immunity, AC +6, negative energy resistance 1, electricity
resistance, torment resistance 1, petrification resistance
a: Renounce Religion, Heroism, Finesse


You were on level 8 of the Dungeon.
You worshipped Okawaru.
Okawaru was greatly pleased with you.
You visited 2 branches of the dungeon, and saw 9 of its levels.

You collected 464 gold pieces.

Inventory:

Hand Weapons
 t - a +5 flail of draining (weapon)
Missiles
 j - 30 poisoned darts (quivered)
 v - 6 atropa-tipped darts
 A - 6 boomerangs
 G - a throwing net
 I - a curare-tipped dart
Armour
 a - a +1 hat (worn)
 c - a +0 buckler (worn)
 D - a +0 chain mail (worn)
Jewellery
 r - an amulet of regeneration (around neck)
 y - a ring of protection from fire (left hand)
 H - a ring of resist corrosion
Wands
 z - a wand of roots (22)
 F - a wand of flame (28)
Scrolls
 b - a scroll of amnesia {unknown}
 f - a scroll of fog {unknown}
 g - 3 scrolls of revelation {unknown}
 h - a scroll of immolation {unknown}
 i - 11 scrolls of identify {unknown}
 n - a scroll of vulnerability {unknown}
 q - 3 scrolls of blinking {unknown}
 s - 2 scrolls of summoning {unknown}
 E - 2 scrolls of enchant armour {unknown}
 J - a scroll of brand weapon {unknown}
Potions
 d - 3 potions of might
 e - 2 potions of haste {unknown}
 k - 3 potions of heal wounds {unknown}
 l - 2 potions of magic {unknown}
 m - 2 potions of lignification {unknown}
 o - a potion of ambrosia {unknown}
 p - a potion of berserk rage {unknown}
 u - 2 potions of brilliance {unknown}
 w - 3 potions of cancellation {unknown}
 x - a potion of attraction {unknown}
 B - a potion of enlightenment {unknown}
 C - a potion of curing {unknown}


   Skills:
 + Level 6.7 Fighting
 + Level 9.0 Maces & Flails
 + Level 0.3 Throwing
 + Level 7.4 Armour
 + Level 2.8 Dodging
 + Level 1.2 Stealth
 + Level 6.6 Shields


You had 8 spell levels left.
You didn't know any spells.
Your spell library contained the following spells:

 Spells                   Type           Power      Damage    Failure   Level
 Slow                     Hex            0%         N/A       92%         1
 Lesser Beckoning         Tloc           0%         N/A       98%         2
 Confusing Touch          Hex            0%         N/A       100%        3
 Dazzling Flash           Conj/Hex       0%         N/A       100%        3
 Gell's Gravitas          Tloc           0%         N/A       100%        3
 Teleport Other           Tloc           0%         N/A       100%        3
 Vampiric Draining        Necr           0%         2d6       100%        3
 Agony                    Necr           0%         N/A       100%        5
 Fireball                 Conj/Fire      0%         3d3       100%        5
 Iskenderun's Battlesphe  Conj           0%         2d6       100%        5
 Silence                  Hex/Air        0%         N/A       100%        5
 Conjure Ball Lightning   Conj/Air       0%         3x3d6     100%        6
 Orb of Destruction       Conj           0%         9d5       100%        7


Dungeon Overview and Level Annotations

Branches:
Dungeon (8/15)             Temple (1/1) D:4
   Lair: D:8-11

Altars:
Ashenzari
Cheibriados
Dithmenos
Fedhas
Hepliaklqana
Makhleb
Okawaru
Ru
Sif Muna
Uskayaw
Wu Jian
Xom
Zin
The Shining One


Innate Abilities, Weirdness & Mutations

You are immune to sickness and miasma.
Your stone body is resilient. (AC +6)
You are immune to poison.
You resist negative energy. (rN+)
You are resistant to electric shocks. (rElec)
You are resistant to unholy torment.
You are immune to petrification.


Message History

As you open the door, it creaks loudly!
Found a scroll labelled EZXOEP MADOC.
No target in view!
There is an open door here.
i - 10 scrolls labelled EZXOEP MADOC (gained 1)
There is an open door here.
You open the door.
There is an open door here.
You open the door.
There is an open door here.
Found a dagger.
You now have 464 gold pieces (gained 14).
z - a wand of roots (22) (gained 11 charges)
You open the door.
There is an open door here.
i - 11 scrolls labelled EZXOEP MADOC (gained 1)
You open the door.
There is an open door here.
You open the door.
There is an open door here.
There is an open door here.
There is an open door here.
There is an open door here.
J - a scroll labelled VIETUE NIDECS You open the door.
There is an open door here.
A two-headed ogre comes into view. It is wielding two +0 giant clubs.
The two-headed ogre hits you with a +0 giant club. x2
You thump the two-headed ogre! You drain the two-headed ogre.
The two-headed ogre is moderately wounded.
The two-headed ogre hits you with a +0 giant club!
The two-headed ogre barely misses you.
You sock the two-headed ogre!
The two-headed ogre is heavily wounded.
You barely miss the two-headed ogre.
The two-headed ogre is heavily wounded.
The two-headed ogre hits you with a +0 giant club!!
* * * LOW HITPOINT WARNING * * *
The two-headed ogre hits you with a +0 giant club!!
You die...

#.......#.......#.....
#.......#.......#.....
#.......#.......#.....
#.......'.......'.....
#.......#.....<.##....
#.......#.............
#.......#........#.#..
#.......#.............
#....@..+........#.#..
#....O..#'#####.......
#................#....
#................#....
#.............)..#....
###+###................#....
.......................#....
.......................#....
.......................#####


You could see a two-headed ogre (drained).

Vanquished Creatures
  A hornet (D:7)
  A black bear (D:6)
  3 ogres
  A sky beast (D:7)
  A centaur (D:8)
  2 kobold brigands (D:8)
  2 bullfrogs (D:7)
  4 scorpions
  9 wights
  11 killer bees (D:8)
  A howler monkey (D:6)
  2 jellies
  5 orc priests
  A gnoll bouda (D:7)
  3 hounds
  8 orc wizards
  6 iguanas
  11 gnolls
  8 adders
  2 shadow imps
  3 white imps
  An ufetubus (D:4)
  2 worms
  3 dart slugs
  25 orcs
  6 endoplasms
  6 giant cockroaches
  4 goblins (D:4)
  6 hobgoblins
  2 quokkas
  5 ball pythons
  2 bats
  19 kobolds
  6 rats
172 creatures vanquished.

Notes
Turn   | Place    | Note
-------+----------+-------------------------------------------
     0 | D:1      | AdnanSaban the Gargoyle Fighter began the quest for the
                  | Orb.
     0 | D:1      | Reached XP level 1. HP: 14/14 MP: 1/1
   288 | D:1      | Reached XP level 2. HP: 17/19 MP: 2/2
   929 | D:2      | Reached XP level 3. HP: 23/23 MP: 3/3
  1787 | D:3      | Reached XP level 4. HP: 28/28 MP: 4/4
  1791 | D:3      | Reached skill level 3 in Maces & Flails
  1891 | D:3      | Reached XP level 5. HP: 33/33 MP: 5/5
  2172 | D:4      | Reached skill level 4 in Maces & Flails
  2191 | D:4      | Found an ornate altar of the Wu Jian Council.
  2353 | D:4      | Found a staircase to the Ecumenical Temple.
  2417 | Temple   | Entered the Ecumenical Temple
  2424 | Temple   | Became a worshipper of Warmaster Okawaru
  2458 | D:4      | Noticed an ogre
  2464 | D:4      | Killed an ogre
  2465 | D:4      | Reached skill level 1 in Dodging
  2465 | D:4      | Reached XP level 6. HP: 38/38 MP: 6/6
  2845 | D:4      | Found a hide-covered altar of Uskayaw.
  2970 | D:5      | Entered Level 5 of the Dungeon
  2999 | D:5      | Reached skill level 5 in Maces & Flails
  3039 | D:5      | Reached XP level 7. HP: 40/43 MP: 7/7
  3147 | D:5      | Reached * piety under Okawaru
  3160 | D:5      | Reached skill level 5 in Armour
  3294 | D:5      | Reached XP level 8. HP: 20/48 MP: 8/8
  3434 | D:5      | Reached skill level 6 in Maces & Flails
  3434 | D:5      | Reached skill level 5 in Shields
  3699 | D:6      | Reached ** piety under Okawaru
  3806 | D:6      | Found a hazy altar of Hepliaklqana.
  3944 | D:6      | Reached skill level 5 in Fighting
  3944 | D:6      | Reached skill level 1 in Stealth
  4176 | D:6      | Reached skill level 7 in Maces & Flails
  4477 | D:7      | Noticed a hornet
  4488 | D:7      | Killed a hornet
  4489 | D:7      | Reached XP level 9. HP: 43/54 MP: 9/9
  4561 | D:7      | Found a snail-covered altar of Cheibriados.
  4658 | D:7      | Reached *** piety under Okawaru
  4743 | D:7      | Reached skill level 8 in Maces & Flails
  5723 | D:8      | Reached **** piety under Okawaru
  5729 | D:8      | Reached skill level 9 in Maces & Flails
  5909 | D:8      | Noticed a two-headed ogre
  5915 | D:8      | Slain by a two-headed ogre

Illustrated notes

Levels and vault maps discovered:
D:1:      elethiomel_arrival_infinity_welcomes_careful_drivers,
          layout_loops_ring
D:2:      layout_loops_ring, minmay_misc_feat_cross, kennysheep_boxes
D:3:      layout_rooms, minivault_27
D:4:      layout_basic, lemuel_crystal_altar, kennysheep_little_box,
          minmay_temple_entry_statues
D:5:      layout_rooms, serial_bayou_pond_b
D:6:      layout_loops_ring, mainiacjoe_overflow_chevrons, eino_tiny_chamber
D:7:      layout_basic, kennysheep_slug_shrine
D:8:      layout_gridville, serial_glass, glass_columns_c, glass_columns_a,
          kennysheep_generic_room_7
Temple:   hellmonk_temple_micro_hex

Skill      XL: |  1  2  3  4  5  6  7  8  9 |
---------------+----------------------------+-----
Maces & Flails | 3 4 5 7 9 |  9.0
Armour         | 4 5 6 7 |  7.4
Fighting       | 4 5 6 |  6.7
Dodging        | 1 2 |  2.8
Shields        | 4 5 6 |  6.6
Stealth        | 1 |  1.2
Throwing       | |  0.3

Action                     |  1- 3 |  4- 6 |  7- 9 || total
---------------------------+-------+-------+-------++-------
  Melee: Flail             |   101 |    99 |   361 ||   561
  Throw: Dart              |       |     3 |     2 ||     5
 Armour: Scale mail        |    46 |    42 |   100 ||   188
         Chain mail        |       |       |   164 ||   164
  Dodge: Dodged            |    41 |    45 |   215 ||   301
  Block: Buckler           |    21 |    25 |   100 ||   146

Table legend: (Time is in decaauts)
 A = Elapsed time spent in this place.
 B = Non-inter-level travel time spent in this place.
 C = Inter-level travel time spent in this place.
 D = Time resting spent in this place.
 E = Time spent auto-exploring this place.
 F = Levels seen in this place.
 G = Mean time per level.
                   A        B        C        D        E       F      G
               +--------+--------+--------+--------+--------+-----+--------+
         Total |   6005 |   5638 |    367 |     22 |   4261 |   9 |  667.2 |
       Dungeon |   5987 |   5620 |    367 |     22 |   4261 |   8 |  748.4 |
        Temple |     18 |     18 |      0 |      0 |      0 |   1 |   18.0 |
               +--------+--------+--------+--------+--------+-----+--------+

Top non-repeatable levels by time:
     D:4: 898 daAuts
     D:1: 793 daAuts
     D:5: 786 daAuts
     D:7: 778 daAuts
     D:2: 773 daAuts
     D:6: 771 daAuts
     D:8: 610 daAuts
     D:3: 575 daAuts
  Temple: 18 daAuts
